AoeStats
← 这波我很强

Arabia

507244390Analyzed
3v3 RM · 13d ago on Sep 17, 2026· 13m 14s· 6 players
Game mode
Random Map
Map size
Normal (6 player)
Population
200
Speed
Normal
Resources
Standard
Victory
Conquest
Starting age
Dark Age
Ending age
Imperial Age
RankedLock teamsTeams togetherTeam positionsShared explorationLock speedFull tech treeHidden civsTurbo modeCheats
Victory
Defeat
🇨🇳 Britons · China
1256
+11
🇨🇳 Poles · China
1223
+12
🇦🇺 Magyars · Australia
1107
+18
🇫🇷 Franks · France
1176
-15
🇹🇼 Byzantines · Taiwan
1121
-13
🇦🇱 Britons · Albania
1118
-13
sasha
6:38 Loom
9:34 Feudal Age
10:36 Double-Bit Axe
insaneBestar
9:23 Loom
11:12 Feudal Age
軍 團 兵 2 號
9:41 Loom
12:10 Feudal Age
13:13 Double-Bit Axe
W_x
5:59 Loom
8:53 Feudal Age
10:22 Double-Bit Axe
10:18 Horse Collar
这波我很强
7:14 Loom
9:28 Feudal Age
10:16 Double-Bit Axe
10:12 Horse Collar
Dark Balrog Chicken
4:14 Loom
10:11 Feudal Age
12:22 Double-Bit Axe
13:50 Scale Barding Armor
Connection lost

Rejoining the realm…

Still unreachable

The connection could not be restored.

Session expired

The server has moved on; the page needs a fresh start.